 Dungeon Crawl Stone Soup version 0.22-a0-407-gb098539 (webtiles) character file.

3481 emperorscorpion the Carver (level 9, -15/82 HPs)
             Began as a Minotaur Berserker on May 9, 2018.
             Was an Elder of Trog.
             Demolished by a two-headed ogre
             ... wielding a +0 giant club
              (22 damage)
             ... on level 9 of the Dungeon.
             The game lasted 00:07:52 (4287 turns).

emperorscorpion the Carver (Minotaur Berserker)     Turns: 4287, Time: 00:07:53

Health: -15/82     AC: 12    Str: 25    XL:     9   Next: 79%
Magic:  17/17      EV: 14    Int:  4    God:    Trog [****..]
Gold:   172        SH:  0    Dex: 10    Spells: 8/8 levels left

rFire    . . .     SeeInvis .   a - +0 falchion
rCold    . . .     Gourm    .   (no shield)
rNeg     . . .     Faith    .   n - +0 chain mail
rPois    .         Spirit   .   (helmet restricted)
rElec    .         Reflect  .   (no cloak)
rCorr    .         Harm     .   t - +0 pair of gloves
MR       .....                  (no boots)
Stlth    ..........             (no amulet)
HPRegen  0.23/turn              u - ring of magical power
MPRegen  0.15/turn              w - +4 ring of evasion

@: berserk cooldown, slowed, very slow
A: retaliatory headbutt, horns 2
a: Berserk, Trog's Hand, Brothers in Arms, Renounce Religion


You were on level 9 of the Dungeon.
You worshipped Trog.
Trog was greatly pleased with you.
You were very hungry.

You visited 1 branch of the dungeon, and saw 9 of its levels.

You collected 172 gold pieces.

Inventory:

Hand Weapons
 a - a +0 falchion (weapon)
 p - a cursed -3 dagger
Missiles
 d - 97 stones (quivered)
 i - 25 poisoned needles
 k - 124 arrows
 m - 11 tomahawks
 o - 12 javelins
 r - 6 tomahawks of dispersal
Armour
 b - a +0 animal skin
 g - a +0 scale mail
 n - a +0 chain mail (worn)
 t - a +0 pair of gloves (worn)
Jewellery
 u - a ring of magical power (left hand)
 w - a +4 ring of evasion (right hand)
Scrolls
 f - 2 scrolls of fog {unknown}
 h - 5 scrolls of remove curse {unknown}
 l - a scroll of identify {unknown}
 q - 2 scrolls of teleportation {unknown}
 v - 2 scrolls of enchant armour {unknown}
Comestibles
 c - 9 rations
 j - 3 chunks of flesh


   Skills:
 + Level 8.3 Fighting
 + Level 11.4 Long Blades
 + Level 9.5 Armour
 + Level 4.0 Dodging
 + Level 1.0 Stealth


You had 8 spell levels left.
You didn't know any spells.

Dungeon Overview and Level Annotations

Branches:
Dungeon (9/15)             Temple (0/1) D:6
   Lair: D:8-11         Orc: D:9-12

Altars:
Cheibriados
Hepliaklqana
Makhleb
Qazlal
Trog
Uskayaw
Vehumet
The Shining One

Annotations:
D:7 2 transporters
D:9 Erolcha


Innate Abilities, Weirdness & Mutations

You reflexively headbutt those who attack you in melee.
You have a pair of horns on your head.


Message History

The two-headed ogre is severely wounded.
You hit the two-headed ogre.
The two-headed ogre is almost dead.
The two-headed ogre closely misses you. The two-headed ogre barely misses you.
You hit the two-headed ogre.
The two-headed ogre is almost dead.
The two-headed ogre hits you with a giant club!
The two-headed ogre hits you but does no damage.
You hit the two-headed ogre but do no damage.
The two-headed ogre is almost dead.
The two-headed ogre hits you with a giant club.
The two-headed ogre hits you with a giant spiked club!
* * * LOW HITPOINT WARNING * * *
You hit the two-headed ogre but do no damage.
You headbutt the two-headed ogre, but do no damage.
The two-headed ogre is almost dead.
The two-headed ogre hits you with a giant club!
* * * LOW HITPOINT WARNING * * *
The two-headed ogre hits you with a giant spiked club!!
You die...

#.# #.# #.# ######.#
#......# #......#
#......##
###############..<...#
#<().@O{......S......#
###############......#
#......# #......#
#......# #..>...#
########


You could see a two-headed ogre.

Vanquished Creatures
  The ghost of VDreamerV the Cleaver, a novice FoFi of Trog (D:4)
  A troll (D:9)
  A hippogriff (D:7)
  A steam dragon (D:7)
  A water moccasin (D:7)
  Duvessa (D:4)
  An orc warrior (D:7)
  The ghost of galech the Fighter, an amateur GnWn (D:3)
  An ice beast (D:9)
  2 sky beasts
  2 black bears (D:7)
  6 ogres
  2 centaurs
  A bullfrog (D:9)
  Dowan (D:4)
  2 scorpions
  4 killer bees (D:9)
  2 howler monkeys
  A crimson imp (D:8)
  A bullfrog zombie (D:8)
  2 hounds
  An orc priest (D:3)
  2 bullfrog skeletons
  An iguana (D:5)
  Natasha (thrice) (D:4)
  2 orc wizards
  2 worker ants
  14 adders
  3 adder skeletons
  2 worms
  2 dart slugs
  20 orcs
  5 giant cockroaches
  3 hobgoblins
  10 jackals
  3 kobolds
  2 quokkas
  A ball python (D:3)
  2 bats (D:3)
  3 frilled lizards (D:3)
  9 goblins
  A quokka skeleton (D:9)
  2 rats
128 creatures vanquished.

Notes
Turn   | Place    | Note
-------+----------+-------------------------------------------
     0 | D:1      | emperorscorpion the Minotaur Berserker began the quest for the Orb.
     0 | D:1      | Reached XP level 1. HP: 19/19 MP: 0/0
   331 | D:2      | Reached skill level 4 in Long Blades
   331 | D:2      | Reached XP level 2. HP: 27/27 MP: 1/1
   450 | D:3      | Found a snail-covered altar of Cheibriados.
   479 | D:3      | Reached XP level 3. HP: 17/33 MP: 2/2
   630 | D:3      | Found a stormy altar of Qazlal.
   729 | D:3      | Noticed galech's ghost (amateur GnWn)
   739 | D:3      | Killed galech's ghost
   739 | D:3      | Reached skill level 5 in Long Blades
   739 | D:3      | Reached XP level 4. HP: 41/41 MP: 3/3
   874 | D:3      | Noticed a sky beast
   898 | D:3      | Killed a sky beast
   898 | D:3      | Reached skill level 5 in Fighting
   898 | D:3      | Reached skill level 6 in Long Blades
   898 | D:3      | Reached XP level 5. HP: 20/48 MP: 4/4
  1139 | D:3      | Reached ** piety under Trog
  1254 | D:3      | Reached XP level 6. HP: 56/56 MP: 5/5
  1330 | D:3      | Found a burning altar of Makhleb.
  1410 | D:4      | Noticed Natasha
  1419 | D:4      | Killed Natasha
  1448 | D:4      | Noticed Natasha
  1454 | D:4      | Noticed VDreamerV's ghost (novice FoFi)
  1454 | D:4      | Killed Natasha
  1616 | D:4      | Killed VDreamerV's ghost
  1616 | D:4      | Reached skill level 7 in Long Blades
  1616 | D:4      | Reached skill level 5 in Armour
  1616 | D:4      | Reached XP level 7. HP: 63/63 MP: 6/6
  1795 | D:4      | Reached skill level 8 in Long Blades
  1927 | D:4      | Noticed Duvessa
  1928 | D:4      | Noticed Dowan
  1935 | D:4      | Killed Duvessa
  1935 | D:4      | Reached XP level 8. HP: 71/71 MP: 7/7
  1982 | D:4      | Noticed Natasha
  1994 | D:4      | Killed Natasha
  2011 | D:4      | Found a glowing golden altar of the Shining One.
  2037 | D:4      | Killed Dowan
  2037 | D:4      | Reached *** piety under Trog
  2037 | D:4      | Reached skill level 9 in Long Blades
  2175 | D:4      | Found a hazy altar of Hepliaklqana.
  2230 | D:5      | Entered Level 5 of the Dungeon
  2352 | D:5      | Reached skill level 10 in Long Blades
  2697 | D:6      | Found a staircase to the Ecumenical Temple.
  3153 | D:7      | Reached skill level 1 in Stealth
  3182 | D:7      | Reached XP level 9. HP: 74/79 MP: 8/8
  3352 | D:7      | Found a bloodstained altar of Trog.
  3529 | D:7      | Reached **** piety under Trog
  3832 | D:7      | Noticed a freezing wraith
  3833 | D:7      | Found a hide-covered altar of Uskayaw.
  3834 | D:7      | Noticed a troll
  3834 | D:7      | Found a transporter.
  3834 | D:7      | Found a radiant altar of Vehumet.
  3847 | D:7      | Found a transporter.
  4097 | D:8      | Reached skill level 11 in Long Blades
  4165 | D:9      | Noticed a troll
  4181 | D:9      | Killed a troll
  4271 | D:9      | Noticed a two-headed ogre
  4274 | D:9      | Noticed Erolcha
  4287 | D:9      | Demolished by a two-headed ogre

Vault maps used:
D:1:      matt_arrival_diagonals
D:2:      nicolae_dithmenos_through_a_glass_darkly, tgw_fedhas, first_ration
D:3:      makhleb_heckhound_becter, lemuel_crystal_altar, cheibriados_altar_1
D:4:      tso_metal_star, kennysheep_mini, minmay_ogre_servants, uniq_duvessa,
          uniq_natasha
D:5:      nicolae_ru_sacrificial_ziggurat, elyvilon_altar_4, wad_rectangle_vault
D:6:      minmay_temple_entry_overgrown, uniq_crazy_yiuf_cottage, uniq_sigmund,
          uniq_menkaure, uniq_grinder
D:7:      gammafunk_temple_overflow_arena, trog_ov_bears_minmay
D:8:      marbit_many_paths, serial_shops, shop
D:9:      okawaru_trees_2, kennysheep_generic_room_5, uniq_erolcha

Skill      XL: |  1  2  3  4  5  6  7  8  9 |
---------------+----------------------------+-----
Long Blades    | 4 5 6 7 8 10 11 | 11.4
Fighting       | 4 5 6 7 8 |  8.3
Armour         | 3 5 7 9 |  9.5
Dodging        | 3 4 |  4.0
Stealth        | 1 |  1.0

Action                   |  1- 3 |  4- 6 |  7- 9 || total
-------------------------+-------+-------+-------++-------
Melee: Falchion          |    43 |    77 |   286 ||   406
       Headbutt          |     3 |    15 |    71 ||    89
Invok: Berserk           |     2 |     3 |     8 ||    13
  Use: Potion            |       |       |     2 ||     2
  Eat: Chunk             |       |     6 |    16 ||    22
Armor: Animal skin       |     1 |       |       ||     1
       Scale mail        |    15 |    14 |       ||    29
       Chain mail        |       |    23 |   108 ||   131
Dodge: Dodged            |    16 |    29 |   139 ||   184
       Rpst.: Falchion   |     6 |     9 |    31 ||    46

Table legend:
 A = Spawn XP
 B = Non-spawn XP
 C = Spawn XP percentage of total XP
 D = Spawn monster count
 E = Non-spawn monster count
 F = Spawn count percentage of total count
 G = Total turns spent on level
                    A         B        C        D         E        F      G
               +---------+---------+-------+---------+---------+-------+---------
         Total |       0 |    4974 |   0.0 |       0 |     128 |   0.0 |  4287
               +---------+---------+-------+---------+---------+-------+---------
           D:1 |       0 |       5 |   0.0 |       0 |       3 |   0.0 |   298
           D:2 |       0 |      13 |   0.0 |       0 |       6 |   0.0 |   136
           D:3 |       0 |     443 |   0.0 |       0 |      30 |   0.0 |  1111
           D:4 |       0 |    1452 |   0.0 |       0 |      31 |   0.0 |   685
           D:5 |       0 |     530 |   0.0 |       0 |      18 |   0.0 |   430
           D:6 |       0 |     131 |   0.0 |       0 |       4 |   0.0 |   456
           D:7 |       0 |    1226 |   0.0 |       0 |      20 |   0.0 |   942
           D:8 |       0 |     228 |   0.0 |       0 |       5 |   0.0 |    93
           D:9 |       0 |     946 |   0.0 |       0 |      11 |   0.0 |   136
               +---------+---------+-------+---------+---------+-------+---------
